 Dungeon Crawl Stone Soup version 0.29-a0-360-g8ed1089bbe (webtiles) character file.

Game seed: 16217717982758423858

50 OTABOTABOTAB the Insei (level 3, -3/26 HPs)
             Began as a Demonspawn Transmuter on Apr 28, 2022.
             Slain by a gnoll
             ... wielding a +0 club
              (4 damage)
             ... on level 2 of the Dungeon.
             The game lasted 00:03:31 (1659 turns).

OTABOTABOTAB the Insei (Demonspawn Transmuter)      Turns: 1659, Time: 00:03:31

Health: -3/26      AC:  2    Str: 12    XL:     3   Next: 55%
Magic:  4/6        EV: 12    Int: 14    God:
Gold:   52         SH:  0    Dex: 13    Spells: 3/6 levels left

rFire   . . .      SeeInvis .     - Unarmed
rCold   . . .      Faith    .   (no shield)
rNeg    . . .      Spirit   .   r - +0 robe
rPois   .          Reflect  .   (helmet currently unavailable)
rElec   .          Harm     .   (no cloak)
rCorr   .          Rampage  .   (no gloves)
Will    .....                   (boots currently unavailable)
Stlth   +.........              (no amulet)
HPRegen 0.08/turn               (no ring)
MPRegen 0.10/turn               (no ring)

@: appendages (expiring)
A: horns 2, talons 2, spiny 1
a: End Transformation


You were on level 2 of the Dungeon.
You had temporarily grown beastly horns and talons.
You visited 1 branch of the dungeon, and saw 2 of its levels.

You collected 52 gold pieces.

Inventory:

Hand Weapons
 a - a +0 flail of venom
   (You took it off an orc on level 2 of the Dungeon)
Missiles
 o - 3 poisoned darts
 s - 38 stones
Armour
 r - a +0 robe (worn)
Scrolls
 b - a scroll of enchant weapon {unknown}
 c - a scroll of immolation {unknown}
 d - 3 scrolls of identify {unknown}
 h - 3 scrolls of fear {unknown}
 k - a scroll of teleportation {unknown}
 l - a scroll of fog {unknown}
 m - a scroll of blinking {unknown}
 n - a scroll of vulnerability {unknown}
Potions
 f - a potion of ambrosia {unknown}
 g - a potion of might {unknown}
 j - a potion of curing {unknown}
 N - a potion of heal wounds {@q2}
 P - a potion of lignification {!q}


   Skills:
 + Level 1.5 Fighting
 + Level 2.2 Dodging
 + Level 3.0 Unarmed Combat
 + Level 2.3 Spellcasting
 * Level 2.5 Transmutations


You had 3 spell levels left.
You knew the following spells:

 Your Spells              Type           Power      Damage    Failure   Level
a - Beastly Appendage     Tmut           16%        N/A       9%          1
b - Wereblood             Tmut           8%         N/A       12%         2

Your spell library contained the following spells:

 Spells                   Type           Power      Damage    Failure   Level
 Spider Form              Tmut/Pois      5%         N/A       38%         3
 Ice Form                 Ice/Tmut       5%         N/A       80%         4


Dungeon Overview and Level Annotations

Branches:
Dungeon (2/15)

Altars:


Innate Abilities, Weirdness & Mutations

You have temporarily grown beastly horns and talons.
You are partially covered in sharp spines.


Message History

Your transformation is almost over.
You feel sick. The orc misses you.
You take 1 damage, and have 21/26 hp.
You hit the orc. You claw the orc, but do no damage.
You feel sick.
You are no longer poisoned.
The orc closely misses you.
You take 1 damage, and have 20/26 hp.
You hit the orc but do no damage. You claw the orc, but do no damage.
You hit the orc.
You kill the orc!
MP restored: 6 You extend your transformation's duration.
The orc hits you with a +3 whip.
You take 2 damage, and have 18/26 hp.
You now have 5/6 mp.
You hit the orc. The orc is struck by your spines.
You kill the orc!
You barely miss the orc. Your kick misses the orc.
Your headbutt misses the orc. Your punch misses the orc.
The orc closely misses you.
You hit the orc but do no damage. The orc hits you with a +0 flail.
You take 1 damage, and have 17/26 hp.
You hit the orc. Your kick misses the orc. The orc is struck by your spines.
The orc misses you.
You hit the orc but do no damage. You claw the orc. The orc closely misses you.
You barely miss the orc. You headbutt the orc.
You kill the orc!
Your transformation is almost over.
b - a +0 flail;
p - a +3 whip;
q - a +0 hand axe
Items here: ) [[[ †††.
r - a +0 flail of venom MP restored: 6 Your horns disappear.
Your talons disappear.
t - a +0 dagger
u - a +0 dagger You open the door.
There is an open door here.
As you open the door, it creaks loudly!
Health restored: 26 You drop a +0 flail.
You drop a +0 club.
You drop a +0 short sword.
You drop a +3 whip.
You drop a +0 hand axe.
You drop a +0 flail of venom.
You drop a +0 dagger. x2
Search for what [? for help]? flail
r - a +0 flail of venom Adjust to which letter? (? for menu, Esc to quit)
a - a +0 flail of venom;
r - a +0 robe (worn)
Your +0 flail of venom begins to drip with poison!
a - a +0 flail of venom (weapon)
Your +0 flail of venom stops dripping with poison.
You are now empty-handed.
There is an open door here.
Found a stone staircase leading down.
You now have 52 gold pieces (gained 8).
b - a scroll labelled NITRID ATZAIMY
Okay, then.
You open the door.
There is an open door here.
There is an open door here.
You open the door. 2 gnolls come into view.
The gnoll shouts!
There are monsters nearby!
There are monsters nearby!
You miscast Beastly Appendage.
You are very lightly contaminated with residual magic.
Nothing appears to happen.
The gnoll closely misses you.
A gnoll comes into view. It is wielding a +0 club.
You now have 5/6 mp.
You grow a pair of large bovine horns.
Your feet morph into talons.
The gnoll shouts!
The gnoll hits you from afar with a +0 halberd!
Ouch! That really hurt!
You take 13 damage, and have 13/26 hp.
MASSIVE DAMAGE!!
You now have 4/6 mp.
The gnoll barely misses you.
There is an open door here.
You hit the gnoll. You headbutt the gnoll!
The gnoll hits you with a +0 halberd!
* * * LOW HITPOINT WARNING * * *
You take 8 damage, and have 5/26 hp.
MASSIVE DAMAGE!!
You barely miss the gnoll. The gnoll barely misses you.
You hit the gnoll but do no damage. Your kick misses the gnoll.
The gnoll is struck by your spines.
You kill the gnoll!
Your Unarmed Combat skill increases to level 3!
Your transformation is almost over.
You hit the gnoll. Your kick misses the gnoll. You headbutt the gnoll.
The gnoll hits you with a +0 club.
* * * LOW HITPOINT WARNING * * *
Your magical contamination has completely faded away.
You take 5 damage, and have 1/26 hp.
You completely miss the gnoll. The gnoll is struck by your spines.
The gnoll hits you with a +0 club.
You die...

#.......................#..
#.........#.#######........
#.........+................
#.........#.#..............
#........#.................
##########.>...............
#.##.......#.#.###
#.######'#.#.#.# #@#
#.#.#.#.# #g# #.#.#.#.#
#......g.# #.....#.###
#........# #####.#.#..
#........# #.#.#..
#........# #.#.#..
#........# #.#.#..
........## #.#.#..
######### #######.#.#..


You could see 2 gnolls.

Vanquished Creatures
  A gnoll (D:2)
  A worm (D:2)
  4 orcs (D:2)
  5 bats
  3 endoplasms
  4 goblins
  2 hobgoblins (D:2)
  3 jackals (D:2)
  2 kobolds (D:1)
  A quokka (D:1)
  2 ball pythons (D:1)
  A frilled lizard (D:1)
  3 rats (D:1)
32 creatures vanquished.

Notes
Turn   | Place    | Note
-------+----------+-------------------------------------------
     0 | D:1      | OTABOTABOTAB the Demonspawn Transmuter began the quest for
                  | the Orb.
     0 | D:1      | Reached XP level 1. HP: 15/15 MP: 3/3
   136 | D:1      | Reached skill level 2 in Transmutations
   205 | D:1      | Gained mutation: You are partially covered in sharp spines.
                  | [demonic ancestry]
   205 | D:1      | Reached XP level 2. HP: 21/21 MP: 3/5
   311 | D:1      | Reached skill level 2 in Dodging
   350 | D:1      | Learned a level 2 spell: Wereblood
   719 | D:1      | Found a faded altar of an unknown god.
  1361 | D:2      | Reached XP level 3. HP: 22/26 MP: 4/6
  1379 | D:2      | HP: 6/26 [poisoned by an orc]
  1654 | D:2      | HP: 5/26 [gnoll/+0 halberd (8)]
  1657 | D:2      | Reached skill level 3 in Unarmed Combat
  1658 | D:2      | HP: 1/26 [gnoll/+0 club (5)]
  1659 | D:2      | Slain by a gnoll

Illustrated notes

Levels and vault maps discovered:
D:1:      dpeg_arrival_subterranean_lakeside_camping, layout_loops_ring,
          shapermc_ecumenical_altar_flowoftime
D:2:      layout_basic, kennysheep_generic_room_9

Skill      XL: |  1  2  3 |
---------------+----------+-----
Transmutations | 2 |  2.5
Dodging        | 2 |  2.2
Unarmed Combat | 3 |  3.0
Fighting       | |  1.5
Spellcasting   | |  2.3

Action                   || total
-------------------------++-------
Melee: Unarmed           ||    67
       Kick              ||    10
       Headbutt          ||     7
 Cast: Beastly Appendage ||    17
  Use: Potion            ||     1
Armor: Robe              ||     8
Dodge: Dodged            ||    43

Table legend: (Time is in decaauts)
 A = Elapsed time spent in this place.
 B = Non-inter-level travel time spent in this place.
 C = Inter-level travel time spent in this place.
 D = Time resting spent in this place.
 E = Time spent auto-exploring this place.
 F = Levels seen in this place.
 G = Mean time per level.
                   A        B        C        D        E       F      G
               +--------+--------+--------+--------+--------+-----+--------+
         Total |   1656 |   1581 |     75 |      0 |   1364 |   2 |  828.0 |
       Dungeon |   1656 |   1581 |     75 |      0 |   1364 |   2 |  828.0 |
               +--------+--------+--------+--------+--------+-----+--------+

Top non-repeatable levels by time:
     D:1: 1073 daAuts
     D:2: 582 daAuts

Table legend:
 A = Kills in this place as a percentage of kills in entire the game.
 B = Kills by you in this place as a percentage of kills by you in the entire game.
 C = Kills by friends in this place as a percentage of kills by friends in the entire game.
 D = Other kills in this place as a percentage of other kills in the entire game.
 E = Experience gained in this place as a percentage of experience gained in the entire game.
 F = Experience gained in this place divided by the number of levels of this place that you have seen.
                   A       B       C       D       E      F
               +-------+-------+-------+-------+-------+----------------------
         Total | 100.0 | 100.0 |   N/A |   N/A | 100.0 |  36.0
       Dungeon | 100.0 | 100.0 |   N/A |   N/A | 100.0 |  36.0
               +-------+-------+-------+-------+-------+----------------------
